 Dungeon Crawl Stone Soup version 0.19-a0-895-gdbd5520 (webtiles) character file.

148 DevlanMud the Cudgeler (level 5, -1/33 HPs)
             Began as a Gargoyle Monk on July 4, 2016.
             Slain by an orc
             ... wielding a +0 war axe
              (4 damage)
             ... on level 4 of the Dungeon.
             The game lasted 00:09:42 (2951 turns).

DevlanMud the Cudgeler (Gargoyle Monk)              Turns: 2951, Time: 00:09:44

Health: -1/33      AC: 13    Str: 21      XL:     5   Next: 30%
Magic:  5/5        EV:  8    Int: 10 (11) God:
Gold:   212        SH:  3    Dex: 12      Spells: 0 memorised, 4 levels left

rFire  . . .     SeeInvis .     m - +0 flail
rCold  . . .     Gourm    .     j - +0 chain mail
rNeg   + . .     Faith    .     f - +0 buckler
rPois  ∞         Spirit   .     h - +0 helmet
rElec  +         Dismiss  .     (no cloak)
rCorr  .         Reflect  .     (no gloves)
SustAt .         Harm     .     (no boots)
MR     .....                    (no amulet)
Stlth  ..........               (no ring)
                                b - +6 ring of strength

@: not resistant to hostile enchantments, extremely unstealthy
A: negative energy resistance 1, electricity resistance, unbreathing,
petrification resistance, rot immunity, AC +4
a: no special abilities


You were on level 4 of the Dungeon.
You were not hungry.

You visited 1 branch of the dungeon, and saw 4 of its levels.

You collected 212 gold pieces.

Inventory:

Hand Weapons
 m - a +0 flail (weapon)
Armour
 f - a +0 buckler (worn)
 h - a +0 helmet (worn)
 j - a +0 chain mail (worn)
Jewellery
 b - a +6 ring of strength (left hand)
Scrolls
 g - 2 scrolls of identify
 l - a scroll of blinking
Potions
 k - a potion of flight
Comestibles
 a - a chunk of flesh
 c - 3 bread rations
 d - 2 royal jellies
 i - a meat ration


   Skills:
 + Level 3.8 Fighting
 * Level 4.2 Maces & Flails
 + Level 2.1 Armour
 + Level 3.2 Dodging
 - Level 2.1 Stealth


You had 4 spell levels left.
You didn't know any spells.

Dungeon Overview and Level Annotations

Branches:
Dungeon (4/15)
 Temple: D:4-7

Altars:
Kikubaaqudgha
Pakellas
Qazlal
Xom


Innate Abilities, Weirdness & Mutations

You are resistant to torment.
Your stone body is resilient. (AC +4)
You are immune to poison.
You resist negative energy. (rN+)
You are resistant to electric shocks. (rElec)
You can survive without breathing.
You are immune to petrification.
You are immune to rotting.


Message History

The orc hits you but does no damage.
There is a stone staircase leading up here.
Press: ? - help, v - describe, . - travel
Here: an orc warrior, wielding a short sword of speed and wearing a chain mail The floor.
Unknown command.
You barely miss the orc.
The orc warrior hits you with a short sword of speed. x2
You block the orc's attack.
You closely miss the orc warrior.
You hear the slow rusting of a distant drain.
The orc warrior hits you but does no damage.
The orc hits you but does no damage.
You hit the orc warrior.
The orc warrior is lightly wounded.
The orc warrior hits you with a short sword of speed!
* * * LOW HITPOINT WARNING * * *
The orc warrior hits you but does no damage.
The orc hits you with a war axe.
You die...

#............#
#............#
#............#
###............+
...............#
...............#
...........oo..#
...........@...#
...............#
...............#
...............#
...............#
#########+##)....
...... ......
.<....


You could see an orc warrior and an orc.

Vanquished Creatures
  An orc priest (D:3)
  5 adders
  2 dart slugs
  A giant gecko (D:1)
  6 orcs
  7 bats
  5 giant cockroaches
  7 goblins
  4 hobgoblins
  6 jackals
  2 giant newts
  7 kobolds
  A quokka skeleton (D:3)
  10 rats
64 creatures vanquished.

Vanquished Creatures (others)
  A wasp (D:3)
1 creature vanquished.

Grand Total: 65 creatures vanquished

Notes
Turn   | Place    | Note
-------+----------+-------------------------------------------
     0 | D:1      | DevlanMud the Gargoyle Monk began the quest for the Orb.
     0 | D:1      | Reached XP level 1. HP: 14/14 MP: 1/1
   275 | D:1      | Reached XP level 2. HP: 19/19 MP: 2/2
   671 | D:2      | Reached XP level 3. HP: 22/23 MP: 3/3
   842 | D:2      | Found a stormy altar of Qazlal.
   889 | D:2      | HP: 1/24 [adder (1)]
  1422 | D:2      | Found a shimmering altar of Xom.
  1465 | D:2      | Reached XP level 4. HP: 29/29 MP: 4/4
  1652 | D:2      | Reached skill level 1 in Armour
  1658 | D:2      | Found an ancient bone altar of Kikubaaqudgha.
  1669 | D:2      | Reached skill level 4 in Maces & Flails
  1814 | D:3      | Found an oddly glowing altar of Pakellas.
  1814 | D:3      | Noticed an orange crystal statue
  1815 | D:3      | Noticed a wasp
  1842 | D:3      | Killed a wasp
  2304 | D:3      | Reached XP level 5. HP: 3/33 MP: 5/5
  2908 | D:4      | Noticed an orc warrior
  2951 | D:4      | Slain by an orc

Vault maps used:
D:1:      dpeg_arrival_fog, fountainhead
D:2:      kiku_gazebo_pond_becter, xom_teletrap_fun,
          nicolae_overflow_crystal_walls, first_bread
D:3:      gammafunk_pakellas_statue_experiment
D:4:      gup_sewer_entry_glass

Skill      XL: |  1  2  3  4 |
---------------+-------------+-----
Armour         | 2 |  2.1
Maces & Flails | 4 |  4.2
Dodging        | 3 |  3.2
Fighting       | |  3.8
Stealth        | |  2.1

Action                   |  1- 3 |  4- 6 || total
-------------------------+-------+-------++-------
Melee: Mace              |   133 |   100 ||   233
       Flail             |       |    24 ||    24
  Use: Potion            |     3 |     3 ||     6
       Scroll            |     3 |     1 ||     4
 Stab: Sleeping          |     3 |     1 ||     4
       Distracted        |       |     2 ||     2
  Eat: Chunk             |     2 |     5 ||     7
Armor: Leather armour    |    66 |    59 ||   125
       Chain mail        |       |     3 ||     3
Dodge: Dodged            |    92 |    87 ||   179
Block: Buckler           |    18 |    16 ||    34
